 Dungeon Crawl Stone Soup version 0.32-a0-913-g739538afd8 (webtiles) character file.

Game seed: 1912955935020788676

81 jasper the Magician (level 4, -1/30 HPs)
             Began as a Mummy Summoner on Apr 7, 2024.
             Was a Believer of Lugonu.
             Slain by an adder (2 damage)
             ... in a sewer.
             The game lasted 00:05:31 (1939 turns).

jasper the Magician (Mummy Summoner)                Turns: 1939, Time: 00:05:32

Health: -1/30      AC:  2    Str: 11    XL:     4   Next: 20%
Magic:  6/10       EV: 11    Int: 16    God:    Lugonu [**....]
Gold:   9          SH:  0    Dex: 12    Spells: 1/11 levels left

rFire   x . .        g - +0 dagger
rCold   + . .        (no shield)
rNeg    + + +        a - +0 robe
rPois   ∞            (no helmet)
rElec   .            (no cloak)
rCorr   .            (no gloves)
SInv    .            (no boots)
Will    .....        (no amulet)
Stlth   ++           (no ring)
HPRegen 0.25/turn    (no ring)
MPRegen 0.12/turn

%: faith
@: inugami summoned
A: cold resistance 1, negative energy resistance 3, torment resistance 2, heat
vulnerability 1, in touch with death 1, no potions, faith
a: Renounce Religion, Depart the Abyss, Banish


You were in a sewer.
You worshipped Lugonu.
Lugonu was pleased with you.
You visited 1 branch of the dungeon, and saw 3 of its levels.
You also visited: Sewer.

You collected 93 gold pieces.
You spent 84 gold pieces at shops.

Inventory:

Hand Weapons
 g - a +0 dagger (weapon)
Missiles
 d - 23 stones
 e - 3 javelins
Armour
 a - a +0 robe (worn)
Jewellery
 i - a ring of flight
Scrolls
 b - 2 scrolls of teleportation
 f - 2 scrolls of vulnerability
 h - 2 scrolls of fear
 j - a scroll of identify


   Skills:
 - Level 1.5 Dodging
 - Level 1.5 Stealth
 + Level 4.3 Spellcasting
 + Level 4.0 Summonings
 * Level 0.3 Fire Magic


You had one spell level left.
You knew the following spells:

 Your Spells              Type           Power      Damage    Failure   Level
a - Summon Small Mammal   Summ           64%        N/A       3%          1
b - Call Imp              Summ           32%        N/A       4%          2
c - Call Canine Familiar  Summ           16%        N/A       10%         3
d - Summon Blazeheart Go  Fire/Summ      10%        N/A       54%         4

Your spell library contained the following spells:

 Spells                   Type           Power      Damage    Failure   Level
 Magic Dart               Conj           12%        1d3       17%         1
 Blink                    Tloc           6%         N/A       26%         2
 Inner Flame              Hex/Fire       4%         N/A       41%         3
 Summon Lightning Spire   Summ/Air       9%         N/A       56%         4
 Flame Wave               Conj/Fire      4%         2d5       83%         4
 Sticky Flame             Fire/Alch      4%         2d4       83%         4


Dungeon Overview and Level Annotations

Branches:
Dungeon (3/15)              Sewer (1/1)

Altars:
Lugonu

Shops:
D:2 ?


Innate Abilities, Weirdness & Mutations

You are immune to poison.
Your flesh is cold resistant. (rC+)
You are immune to negative energy. (rN+++)
You are immune to unholy pain and torment.
You are vulnerable to heat. (rF-)
You are in touch with the powers of death.
You do not drink.
You have a special connection with the divine. (Faith)


Message History

The river rat dies!
Lugonu accepts your kill. The adder barely misses you.
Your cerulean imp hits the rat but does no damage.
You closely miss the adder. The adder bites you.
* * * LOW HITPOINT WARNING * * *
Your cerulean imp hits the rat with a -3 spear.
The rat dies!
Lugonu accepts your kill.
You take 4 damage, and have 9/30 hp.
You closely miss the adder. The adder bites you.
* * * LOW HITPOINT WARNING * * *
You take 1 damage, and have 8/30 hp.
You barely miss the adder. The adder misses you. The adder bites you.
* * * LOW HITPOINT WARNING * * *
You take 2 damage, and have 6/30 hp.
You hit the adder.
The adder is moderately wounded.
Your cerulean imp disappears in a puff of smoke!
The adder barely misses you.
You hit the adder.
The adder is moderately wounded.
The adder bites you.
* * * LOW HITPOINT WARNING * * *
You take 2 damage, and have 4/30 hp.
You closely miss the adder.
The adder is moderately wounded.
The adder bites you.
* * * LOW HITPOINT WARNING * * *
Your inugami hits the adder. The adder closely misses you.
You hit the adder but do no damage.
The adder is severely wounded.
The adder bites you.
* * * LOW HITPOINT WARNING * * *
Your inugami misses the adder.
You take 3 damage, and have 1/30 hp.
You hit the adder.
The adder is almost dead.
The adder bites you.
You die...

#.S.h...~.####.~###
#~r~####~.# #.~#
#5~## #~†# #.~#
#...# #..# #..#
#~.## #~~# #..# #.r
#..# #~.# #.. #~h#
#.~# #.. #~S# #~.#
#~~ #.@####~~# #..
#...~....#
#~.......#
##########


You could see an adder (ally target) and a friendly inugami (summoned).

Vanquished Creatures
  A ribbon worm (D:2)
  2 bats
  3 endoplasms (Sewer)
  A hobgoblin (D:3)
  A jackal (D:1)
  A frilled lizard (D:1)
  A kobold (D:1)
10 creatures vanquished.

Vanquished Creatures (collateral kills)
  A river rat (Sewer)
  A dart slug (D:1)
  2 ribbon worms (D:3)
  2 orcs (D:3)
  3 bats
  3 endoplasms
  2 giant cockroaches
  3 goblins
  2 jackals (D:1)
  A kobold (D:2)
  A quokka (D:3)
  5 ball pythons
  3 frilled lizards
  4 rats
33 creatures vanquished.

Vanquished Creatures (others)
  An orc wizard (D:3)
1 creature vanquished.

Grand Total: 44 creatures vanquished

Notes
Turn   | Place    | Note
-------+----------+-------------------------------------------
     0 | D:1      | jasper the Mummy Summoner began the quest for the Orb.
     0 | D:1      | Reached XP level 1. HP: 13/13 MP: 4/4
   426 | D:1      | Reached XP level 2. HP: 18/19 MP: 3/6
   429 | D:1      | Learned a level 2 spell: Call Imp
  1160 | D:2      | Found a faded altar of an unknown god.
  1168 | D:2      | Prayed at the altar of an unknown god.
  1168 | D:2      | Became a worshipper of Lugonu the Unformed
  1168 | D:2      | Reached * piety under Lugonu
  1559 | D:2      | Found Peul's Magic Scroll Emporium.
  1562 | D:2      | Bought a scroll of fear for 56 gold pieces
  1562 | D:2      | Bought a scroll of identify for 28 gold pieces
  1620 | D:3      | Reached XP level 3. HP: 24/24 MP: 5/8
  1624 | D:3      | Learned a level 3 spell: Call Canine Familiar
  1722 | D:3      | Found a glowing drain.
  1787 | Sewer    | Entered a sewer
  1846 | Sewer    | Reached ** piety under Lugonu
  1875 | Sewer    | Reached XP level 4. HP: 30/30 MP: 8/10
  1880 | Sewer    | Learned a level 4 spell: Summon Blazeheart Golem
  1917 | Sewer    | Noticed a nameless horror
  1938 | Sewer    | HP: 1/30 [adder (3)]
  1939 | Sewer    | Slain by an adder

Illustrated notes

Levels and vault maps discovered:
D:1:      dpeg_arrival_simpleton_c, layout_loops_ring
D:2:      layout_loops_cross, serial_shops, nicolae_shop_rolled_up,
          ebering_ecumenical_altar_petrified
D:3:      layout_rooms, portal_sewer_entry_c
Sewer:    sewer_hellmonk_slimy_pipes

Skill      XL: |  1  2  3 |
---------------+----------+-----
Spellcasting   | 3 4 |  4.3
Summonings     | 4 |  4.0
Dodging        | |  1.5
Stealth        | |  1.5
Fire Magic     | |  0.3

Action                     |  1- 3 |  4- 6 || total
---------------------------+-------+-------++-------
  Melee: Unarmed           |    24 |       ||    24
         Dagger            |    27 |    24 ||    51
   Cast: Summon Small Mamm |    17 |       ||    17
         Call Imp          |    16 |     1 ||    17
         Call Canine Famil |     3 |     1 ||     4
    Use: Scroll            |     3 |     1 ||     4
   Stab: Distracted        |     2 |       ||     2
 Armour: Robe              |    52 |    18 ||    70
  Dodge: Dodged            |    42 |    17 ||    59

Table legend: (Time is in decaauts)
 A = Elapsed time spent in this place.
 B = Non-inter-level travel time spent in this place.
 C = Inter-level travel time spent in this place.
 D = Time resting spent in this place.
 E = Time spent auto-exploring this place.
 F = Levels seen in this place.
 G = Mean time per level.
                   A        B        C        D        E       F      G
               +--------+--------+--------+--------+--------+-----+--------+
         Total |   1945 |   1898 |     47 |    166 |   1229 |   4 |  486.2 |
       Dungeon |   1789 |   1742 |     47 |    166 |   1165 |   3 |  596.3 |
         Sewer |    156 |    156 |      0 |      0 |     64 |   1 |  156.0 |
               +--------+--------+--------+--------+--------+-----+--------+

Top non-repeatable levels by time:
     D:2: 803 daAuts
     D:1: 786 daAuts
     D:3: 199 daAuts
   Sewer: 156 daAuts
